← All builds
Suicide front / Cortex / Economy first / OBSERVED BUILD

Lasher artillery rush

Cortex Suicide front build order · Supreme Isthmus

Commits to a Vehicle Plant and rushes T1 vehicle skirmishers led by Lasher by around 2:07, backed by early Pounder riot and Rascal raiders, pushing and fighting in the middle well before the commander dies or the base falls.

#rush #artillery #push · 41 distinct matches · 14 players · 3% of Cortex Suicide front games · team won 44% of 41 · Recently observed

THE CATCH, AND WHAT COMES WITH IT
  • LasherT1 vehicle skirmishers from 2:07 · 4% of role by thenFrom the Vehicle Plant. Only 4% of Suicide front games have it by then; others who build it get it around 2:24
  • Vehicle PlantVehicle Plant in 98%8% of all Suicide front games by then
  • PounderPounder in 80%7% of all Suicide front games by then
  • LasherLasher in 76%2% of all Suicide front games by then
  • RascalRascal in 73%6% of all Suicide front games by then

Where those units first fight, in 41 games with kill data: in the middle 95%.

Those units destroy a typical 2,751 metal of enemy units by 15:00.

Then transitions into Rattlesnake (10% of army).

HOW TO PLAY IT

Key timing: Lasher push by 2:20

  1. Skip the usual opening and build the Vehicle Plant immediately.
  2. Have the Vehicle Plant finish well ahead of the role norm.
  3. Add Pounder riot and Rascal scouts to round out the early push.
  4. Push out T1 vehicle skirmishers led by Lasher far earlier than normal.
  5. Transition into a mixed vehicle army with Rattlesnake and Brute support.

Phase by phase

TYPICAL OF ITS 41 GAMES · AGAINST STANDARD SUICIDE FRONT
  1. 1
  2. 2
  3. 3
  4. 4
PLAY THE OPENING

Follow the example game's first 6:00 step by step: what to build now, what comes next, and where it goes. At 1× it keeps pace with your own game.

  1. 1

    Up to the Vehicle Plant

    Economy
    • Metal Extractor1Mex
    Order
    1. Vehicle PlantVehicle Plant after 2 mexdone ~0:34, middle half 0:22–0:58

    Some games also: Guard (32%)

    By 0:17 in all: 1 mex

    The example game in this phase · 2 steps
    1. Mex
    2. Vehicle PlantVehicle Plantdone 0:32 · typical 0:34
  2. 2

    Vehicle Plant to T1 vehicle skirmishers

    Economy
    • Metal Extractor2Mex
    • Wind Turbine1Wind
    Order
    1. LasherT1 vehicle skirmishers after 4 mex, 1 wind
    Builders
    • Construction Vehicle3 Con vehicle +3 vs standard
    Army
    • Guard1 Guard
    • Pounder1 Pounder

    Some games also: rascal (41%)

    The standard build makes here, this one skips: 2 Graverobber · 2 con bot · 4 thug · 2 grunt

    By 2:07 in all: 4 mex · 1 wind

    The example game in this phase · 7 steps
    1. Construction VehicleCon vehicle
    2. IncisorIncisor
    3. Construction VehicleCon vehicle
    4. IncisorIncisor
    5. Construction VehicleCon vehicle ×2
    6. Mex
    7. LasherLasherdone 1:59
  3. 3

    T1 vehicle skirmishers to 5:00

    Economy
    • Metal Extractor1Mex
    • Wind Turbine5Wind+4 vs standard
    Army
    • Guard1 Guard
    • Lasher9 Lasher +9 vs standard

    Some games also: Radar Tower (49%) · con turret (46%) · con vehicle (41%) · Twin Guard (37%)

    The standard build makes here, this one skips: 2 Graverobber · 13 thug

    By 5:00 in all: 5 mex · 5 wind (standard 3) · 1 con turret

    The example game in this phase · 13 steps
    1. Mex
    2. LasherLasher
    3. Mex ×2
    4. Twin GuardTwin Guard
    5. LasherLasher
    6. Twin GuardTwin Guard ×2
    7. LasherLasher
    8. Con turret
    9. LasherLasher
    10. Mex
    11. LasherLasher ×4
    12. Twin GuardTwin Guard
    13. LasherLasher ×3
  4. 4

    5:00 to 10:00

    Economy
    • Metal Extractor1Mex
    • Wind Turbine12Wind
    Builders
    • Construction Turret2 Con turret
    Army
    • Twin Guard1 Twin Guard
    • Lasher10 Lasher +10 vs standard

    Some games also: Guard (49%) · Radar Tower (46%) · con vehicle (41%) · incisor (39%) · energy storage (37%)

    The standard build makes here, this one skips: 3 Graverobber · 11 thug

    By 10:00 in all: 7 mex · 20 wind · 3 con turret

    The example game in this phase · 85 steps
    1. Dragon's TeethDragon's Teeth
    2. LasherLasher
    3. Dragon's TeethDragon's Teeth ×5
    4. LasherLasher
    5. Dragon's TeethDragon's Teeth ×2
    6. LasherLasher ×3
    7. GuardGuard
    8. Mex
    9. LasherLasher
    10. Mex
    11. GuardGuard
    12. LasherLasher
    13. Mex
    14. LasherLasher
    15. Mex
    16. LasherLasher
    17. Mex
    18. LasherLasher
    19. Construction VehicleCon vehicle
    20. Dragon's TeethDragon's Teeth ×3
    21. LasherLasher
    22. Dragon's TeethDragon's Teeth
    23. Con turret
    24. Dragon's TeethDragon's Teeth ×6
    25. LasherLasher
    26. Dragon's TeethDragon's Teeth ×2
    27. Construction VehicleCon vehicle
    28. Dragon's TeethDragon's Teeth
    29. Radar TowerRadar Tower
    30. Construction VehicleCon vehicle
    31. AgitatorAgitatordone 9:25
    32. Con turret
    33. Vehicle PlantEat Vehicle Plantreclaimed for its metal
    34. Twin GuardTwin Guard
    35. Mex
    36. Con turret
    37. CastroCastro
    38. Mex
    39. Advanced Metal ExtractorT2 mexdone 13:54
    40. CastroCastro
    41. GuardGuard ×2
    42. Mex
    43. Wind ×2
    44. GuardGuard
    45. Wind
    46. GuardGuard ×2
    47. Wind
    48. Mex ×2
    49. Wind
    50. Tidal
    51. Wind
    52. Advanced Construction SubAdvanced Construction Sub
    53. Tidal
    54. TickTick
    55. Wind
    56. TickTick
    57. RocketeerRocketeer
    58. TickTick
    59. Sneaky PeteSneaky Pete
    60. Wind
    61. Mex
    62. RocketeerRocketeer
    63. TickTick
    64. Wind
    65. TickTick
    66. Con turret
    67. RocketeerRocketeer
    68. Tidal
    69. TickTick
    70. RocketeerRocketeer
    71. VoyagerVoyager
    72. TickTick
    73. Mex
    74. RocketeerRocketeer
    75. TickTick
    76. VoyagerVoyager
    77. RocketeerRocketeer
    78. TickTick
    79. Con turret
    80. TickTick
    81. RocketeerRocketeer
    82. TickTick
    83. Con turret
    84. RocketeerRocketeer
    85. TickTick ×2

Counts are medians over the build's games: half of them build more, half fewer. The example game is StonedChimp's (30 OS, 27/09/2026); pick another.

Team trades

IN AT LEAST 30% OF ITS GAMES

You hand over

Nothing regular.

You get

  • Tidal Generator4 Tidal from Pondfirst at 0:10 · in 76% of games
  • Advanced Construction Bot1 T2 con bot from Tech or Geofirst at 7:17 · in 54% of games

How it plays out

Typical game of this build against the role’s standard build, running totals by minute

  • This build
  • Standard suicide front

Metal produced

010k20k
0:005:0010:0015:00

metal

Enemy metal destroyed

05k10k
0:005:0010:0015:00

metal

Own metal lost

05k10k
0:005:0010:0015:00

metal

41 games.

Show as table
ByMetal produced: This buildMetal produced: Standard suicide frontEnemy metal destroyed: This buildEnemy metal destroyed: Standard suicide frontOwn metal lost: This buildOwn metal lost: Standard suicide front
1:002643300000
2:0081094321000
3:001698203610821690173
4:0027623125475734310633
5:0037274279117515547021394
6:0045695467200225179432334
7:00558666432740364616303321
8:00680878283592458323224356
9:00810989445168533232665265
10:009379102095867603344056149
11:0011047115726828658052956916
12:0012824131617368709657497728
13:0014417147517671777767348397
14:0016603163607844837771378939
15:0019330177428112900173429578
WHAT THE NUMBERS SAY

Won clearly less often than the standard build and destroyed less enemy metal while also losing less overall.

  • + Own losses by 15:00 are lower than standard (7292 vs 10212).
  • − Won much less often than the standard build (39% vs 55%).
  • − Destroyed less enemy metal by 5:00 and 15:00 than standard.
THE EXAMPLE YOU ARE READING

StonedChimp

30.2 OS · 27/09/2026

Open source match ↗

125 received units · includes a constructor
1292 metal received · 29897 energy received

Allied construction assistance is unknown. Timings are observations, not a promise of solo reproducibility.

Typical milestones

Vehicle Plant0:34Middle 50%: 0:22–0:58 · n=41
Advanced Metal Extractor9:44Middle 50%: 8:24–10:37 · n=27

Played most by

MischievousDragonGF8games of this build_X_7games of this buildErilium7games of this buildChancho4games of this buildLing_long3games of this build